[Event "*** Titled Tuesday Blitz"]
[Site "Chess.com"]
[Date "2021.02.02"]
[Round "4"]
[White "awesomevishesh"]
[Black "manitodeplomo"]
[Result "1/2-1/2"]
[WhiteElo "2492"]
[BlackElo "2643"]
[TimeControl "180+1"]
[EndTime "10:44:17 PST"]
[Termination "Game drawn by repetition"]

1. e4 g6 2. d4 Bg7 3. Nc3 c5 4. d5 d6 5. a4 Nf6 6. Nf3 O-O 7. h3 Na6 8. Be2 Nb4 9. O-O e6 10. dxe6 Bxe6 11. Ng5 Re8 12. Nxe6 Rxe6 13. Bc4 Re8 14.
f3 Nh5 15. Be3 Be5 16. Qd2 Qh4 17. f4 Bd4 18. Bxd4 cxd4 19. Nb5 d5 20. exd5 Ng3 21. Qxb4 Nxf1 22. Rxf1 Re3 23. Qd2 Rae8 24. d6 a6 25. Nc7 Rd8 26. Qxd4 Re1 27. Qe5 Rxe5 28. Bxf7+ Kh8 29. fxe5 Qd4+ 30. Kh1 Qxe5 31. Ne8 Rxd6 32. Nxd6 Qxd6 33. c4 Kg7 34. Bd5 b5 35. axb5 axb5 36. b3 Qb4 37. cxb5 Qxb5 38. Bc4 Qe5 39. Rf7+ Kh6 40. Kg1 Qe1+ 41. Kh2 Qe5+ 42. Kg1 Kg5 43.
Kf2 Qd4+ 44. Kf3 h5 45. g3 Qc3+ 46. Kf2 Qc2+ 47. Kf3 Qd1+ 48. Kg2 Qd2+ 49. Rf2 Qe3 50. h4+ Kh6 51. Re2 Qd4 52. Kf3 Qf6+ 53. Kg2 Qc6+ 54. Kf2 Qb6+ 55. Kg2 Qb7+ 56. Kf2 Qh1 57. Re6 Kg7 58.
Re7+ Kf6 59. Re6+ Kf5 60. Re3 Qh2+ 61. Kf1 Qh1+ 62. Kf2 Kf6 63. Re6+ Kg7 64. Re3 Kh6 65. Re6 Qh2+ 66. Kf3 Qh3 67. Kf2 Qf5+ 68. Kg2 Kg7 69.
Re7+ Kh6 70. Re6 Qc2+ 71. Kf3 Qd1+ 72. Kg2 Qd2+ 73. Re2 Qd4 74. Re6 Qd2+ 75. Re2 Qd7 76. Re6 Qb7+ 77. Kf2 Qa7+ 78. Kg2 Kg7 79. Kf3 Qb7+ 80.
Kf2 Qh1 1/2-1/2

[Event "*** Titled Tuesday Blitz"]
[Site "Chess.com"]
[Date "2021.02.02"]
[Round "4"]
[White "Pliukha_Mikhail"]
[Black "markowskitomasz"]
[Result "0-1"]
[WhiteElo "2472"]
[BlackElo "2630"]
[TimeControl "180+1"]
[EndTime "10:44:24 PST"]
[Termination "markowskitomasz won by checkmate"]

1. e4 c5 2. d4 cxd4 3. Qxd4 Nc6 4.
Qd3 g6 5. Nc3 Bg7 6. Nf3 d6 7. Be2 Nf6 8. O-O O-O 9. Nd5 Nxd5 10. exd5 Bf5 11. Qd1 Nb4 12. c3 Nc2 13. g4 Nxa1 14.
gxf5 gxf5 15. Bg5 Qa5 16. a4 Kh8 17. Kh1 Rg8 18. b4 Qc7 19. Qxa1 Qxc3 20. Qxc3 Bxc3 21. Bxe7 Rge8 22. Bxd6 Rxe2 23. Rc1 Bf6 24. Kg2 Rd8 25. Bf4 Rxd5 26. Be3 Rb2 27. Rc7 Rxb4 28. Rxf7 Bg7 29.
Bxa7 Rg4+ 30. Kf1 Rd1+ 31. Ke2 Rb1 32. Rxf5 Rxa4 33. Be3 h6 34. Rd5 b5 35. Nd2 Rb2 36. Kf3 Ra6 37. Ne4 Kh7 38. Rd7 b4 39. Rxg7+ Kxg7 40. Bd4+ Kg6 41. Bxb2 Ra2 42. Bd4 b3 43.
Nc5 b2 44. Bxb2 Rxb2 45. Ne4 Kh5 46. Kg3 Rb3+ 47. f3 Ra3 48. Nf6+ Kg5 49. Ng4 h5 50. Ne5 h4+ 51. Kh3 Rb3 52. Kg2 Kf4 53. Ng6+ Kg5 54.
Ne5 Re3 55. Ng4 Re2+ 56. Kh3 Ra2 57. Ne5 Rf2 58. Nf7+ Kh5 59. Ne5 Kg5 60. Nf7+ Kg6 61. Ne5+ Kh5 62. f4 Rxf4 63. Kg2 Ra4 64. Nd3 Ra2+ 65.
Kg1 Kg4 66. Ne5+ Kh3 67. Nf3 Ra1+ 68. Kf2 Ra3 69. Ke2 Ra2+ 70. Kf1 Ra3 71. Kf2 Ra8 72.
Kg1 Rg8+ 73. Kh1 Rf8 74. Ng1+ Kg4 75. Kg2 Ra8 76. h3+ Kf4 77. Kf2 Ra2+ 78. Ne2+ Ke4 79. Kf1 Kf3 80. Nd4+ Kg3 81. Kg1 Ra1# 0-1

[Event "*** Titled Tuesday Blitz"]
[Site "Chess.com"]
[Date "2021.02.02"]
[Round "4"]
[White "davidkalashian"]
[Black "DanielTitichoca"]
[Result "1-0"]
[WhiteElo "2576"]
[BlackElo "2346"]
[TimeControl "180+1"]
[EndTime "10:44:32 PST"]
[Termination "davidkalashian won by checkmate"]

1. e4 c5 2. Nc3 Nc6 3. Nf3 g6 4.
d4 cxd4 5. Nxd4 Bg7 6. Be3 Nf6 7. Bc4 O-O 8. Bb3 d6 9. f3 Bd7 10. Qd2 Nxd4 11. Bxd4 b5 12. O-O a5 13. a3 Rc8 14. Rad1 Qc7 15. Kh1 Be6 16. Rfe1 Bxb3 17. cxb3 b4 18. Nb5 Qc2 19. Qxc2 Rxc2 20. a4 Rfc8 21.
e5 dxe5 22. Bxe5 Nd7 23. Bd4 Bxd4 24. Rxd4 Nc5 25. h4 Nxb3 26. Rd3 Rc1 27. Rxc1 Rxc1+ 28. Kh2 Nc5 29. Rd8+ Kg7 30. Ra8 Nxa4 31. b3 Nb2 32. Ra7 Kf6 33. Rxa5 Nd3 34. Ra6+ e6 35. Ra7 Rc2 36. Nd6 Ne1 37. Rxf7+ Ke5 38. Nc4+ Kd4 39. Kh3 Kc3 40. Rxh7 Kxb3 41. Ne5 Nxg2 42. Rb7 Nf4+ 43. Kg3 Nd5 44. Kg4 Rg2+ 45. Kh3 Rg1 46. Kh2 Rc1 47. Nxg6 Ka2 48. h5 b3 49. h6 Nf6 50. Ra7+ Kb2 51. Rf7 Rc2+ 52. Kh3 Nd5 53. h7 Kc1 54. h8=Q b2 55.
Rb7 b1=Q 56. Rxb1+ Kxb1 57. Ne5 Nf4+ 58. Kg4 Nd5 59. Nd3 Rc4+ 60. f4 Ne3+ 61. Kf3 Nf5 62. Qb8+ Kc2 63. Ne5 Rc3+ 64. Kf2 Nd4 65. Ng4 Rf3+ 66.
Kg2 Rd3 67. Nf2 Rd2 68. Qc7+ Kb2 69. Qb6+ Kc2 70. Qc5+ Kb2 71. Qb4+ Kc2 72. Qc4+ Kb2 73. Kf1 Nb3 74. Nd3+ Ka3 75. Qb4+ Ka2 76. Nc1+ Nxc1 77. Qxd2+ Kb1 78. Qe3 Kc2 79. Qxe6 Nd3 80. Qe2+ Kc3 81. Qxd3+ Kxd3 82. f5 Ke4 83. f6 Ke5 84. f7 Ke4 85. f8=Q Kd4 86. Qf2+ Ke4 87. Qe2+ Kd4 88. Kf2 Kd5 89. Qe3 Kd6 90. Kf3 Kd7 91. Kf4 Kc7 92. Qe4 Kd8 93. Kf5 Kc8 94. Qe5 Kd7 95. Qe6+ Kd8 96. Kf6 Kc7 97. Ke5 Kb8 98. Kd5 Ka7 99.
Kc5 Kb7 100. Qd7+ Kb8 101. Kb6 Ka8 102. Qd8# 1-0

[Event "*** Titled Tuesday Blitz"]
[Site "Chess.com"]
[Date "2021.02.02"]
[Round "4"]
[White "vinniethepooh"]
[Black "BilodeauA"]
[Result "0-1"]
[WhiteElo "2731"]
[BlackElo "2880"]
[TimeControl "180+1"]
[EndTime "10:44:41 PST"]
[Termination "BilodeauA won by resignation"]

1. d4 d5 2. c4 dxc4 3. Nf3 a6 4. e3 Bg4 5. Bxc4 e6 6. O-O Nc6 7. h3 Bh5 8. Nc3 Nf6 9. Be2 Bd6 10. Kh1 O-O 11. e4 Bxf3 12. Bxf3 e5 13. d5 Nd4 14. Be3 Nxf3 15. Qxf3 Nd7 16. Rac1 Qe7 17. Ne2 Kh8 18.
Ng3 g6 19. Bh6 Rg8 20. a3 Qf6 21. Qxf6+ Nxf6 22. f4 Nd7 23. fxe5 Nxe5 24. Bg5 Rge8 25. Ne2 Kg8 26. Rc3 Nd7 27. Rcf3 f6 28. Bxf6 Nxf6 29.
Rxf6 Rxe4 30. Nc3 Re7 31. g4 Rae8 32. Kg2 Re3 33. R6f3 b5 34. Rxe3 Rxe3 35. Rf3 Re5 36. Rd3 Re7 37. Kf3 Rf7+ 38. Ke2 Rf4 39. Rf3 Rd4 40.
Rd3 Rc4 41. Re3 b4 42. axb4 Rxb4 43. Nd1 Kf7 44. b3 h5 45. gxh5 gxh5 46. Nb2 Rb5 47. Rd3 Kf6 48. Nc4 Kf5 49. Kf3 Rb8 50. Ne3+ Kf6 51.
Nc4 Kf5 52. Ne3+ Kf6 53. Nc4 Kg5 54. Re3 Rb5 55. Rd3 a5 56. Ke4 Rb4 57. Rf3 a4 58.
Kd3 axb3 59. Kc3 Rb5 60. Kb2 Rxd5 61. Kxb3 Bf4 62. Kc2 c5 63. Nb2 Rd8 64. Nd3 Bd6 65. Nf2 Re8 66. Kd3 Bc7 67. Ne4+ Kg6 68. Nxc5 Bh2 69.
Ne4 Be5 70. Nc5 Ra8 71. Ne4 Ra3+ 72. Ke2 Ra2+ 73. Kf1 h4 74. Nf2 Ra4 75. Kg2 Bg3 76. Ne4 Rxe4 77. Rd3 Re2+ 78. Kf3 Ra2 79. Rd5 Ra3+ 80. Kg4 Ra4+ 81. Kf3 Kf6 82. Rb5 Be5 83. Rb6+ Kf5 84. Rb3 Ra2 85. Rb7 Rh2 86. Rf7+ Bf6 87.
Rh7 Rxh3+ 88. Kg2 Ra3 89. Rh5+ Kg4 90. Rb5 Ra2+ 91. Kh1 Bg5 92. Rb3 Bf4 93. Rd3 Re2 94. Kg1 Be3+ 95. Kf1 Kf3 96. Rd7 Rf2+ 97. Ke1 Ra2 98.
Rf7+ Bf4 99. Rd7 Ra1+ 100. Rd1 Rxd1+ 101. Kxd1 h3 102. Ke1 h2 0-1

[Event "*** Titled Tuesday Blitz"]
[Site "Chess.com"]
[Date "2021.02.02"]
[Round "4"]
[White "gilbert_gm"]
[Black "ShimanovAlex"]
[Result "0-1"]
[WhiteElo "2539"]
[BlackElo "2837"]
[TimeControl "180+1"]
[EndTime "10:45:21 PST"]
[Termination "ShimanovAlex won by resignation"]

1. e4 b6 2. d4 Bb7 3. Bd3 e6 4. Ne2 c5 5. c3 Nf6 6. f3 Nc6 7. O-O Be7 8. Be3 Rc8 9. a3 O-O 10.
b4 d6 11. Nd2 Nb8 12. Qe1 Nbd7 13. Qg3 Kh8 14. Rab1 Ba8 15. Qf2 Qc7 16. Rfc1 Rfd8 17. h3 Nf8 18. Bf4 Ng6 19. Bh2 e5 20. bxc5 dxc5 21. d5 Ne8 22. Nc4 Bg5 23. Rd1 f6 24.
g3 Nd6 25. Nxd6 Qxd6 26. c4 Bb7 27. h4 Bh6 28. Kh1 Rc7 29. Nc3 Ba6 30. Qc2 Qd7 31.
Qa4 Qxa4 32. Nxa4 Ne7 33. Nc3 Nc8 34. a4 Nd6 35. Nb5 Bxb5 36. axb5 Be3 37. Ra1 Bd4 38. Ra4 g5 39. h5 Kg7 40. g4 Kf7 41. Rd2 a5 42. bxa6 Ra7 43. Bg1 Bxg1 44. Kxg1 Ke7 45. Rb2 Rb8 46. Kf2 Kd7 47. Ke2 Kc7 48. Kd2 Rba8 49.
Rba2 Ne8 50. R4a3 Kd8 51. Bc2 Nc7 52. Rb2 Rxa6 53. Rab3 Rb8 54. Rb1 Ne8 55. Rb5 Kc7 56.
Bd3 Nd6 57. R5b2 Ra3 58. Rc2 Rba8 59. Rcb2 R8a6 60. Ke2 Rc3 61. Kd2 Raa3 62. Be2 Rxc4 63. Rxb6 Ra2+ 64. Ke1 Rcc2 65. Rc6+ Kd7 66. Bf1 c4 67.
Rcb6 c3 68. Rc6 Rcb2 69. Rc1 c2 70. Bd3 Rb3 71. R1xc2 Rxc2 72. Bxc2 Rxf3 73. Ba4 Ke7 74. Rc7+ Kf8 75. Rxh7 Re3+ 76. Kf2 Rxe4 77. Bc6 Rf4+ 78. Ke3 Rxg4 79. Rd7 Nf5+ 80. Kd2 Rf4 81. Rd8+ Kg7 82.
Rd7+ Kh6 83. Rf7 Nd6 84. Rd7 Ne4+ 85. Ke3 Ng3 86. d6 Nf5+ 87. Ke2 Rd4 88. Rf7 Rxd6 89. Be8 Ng7 90. Ba4 Nxh5 91. Bb3 Nf4+ 92. Kf3 Rd3+ 93. Kg4 Rxb3 94. Rxf6+ Kg7 95. Ra6 Rb7 96. Kxg5 Rf7 97. Rb6 Re7 98. Rb4 Ng6 99. Re4 Nf8 100. Kf5 Nd7 101.
Rg4+ Kf7 102. Ra4 Re6 103. Ra7 Ke7 104. Rb7 Rd6 105. Rb4 Rf6+ 106. Kg5 Rf1 107. Rh4 Ke6 108. Rh7 Nc5 109. Rc7 Ne4+ 110. Kh6 Nf6 111. Rc6+ Kf5 112. Kg7 Rg1+ 113. Kf7 Ne4 114. Rc8 Nd6+ 0-1

[Event "*** Titled Tuesday Blitz"]
[Site "Chess.com"]
[Date "2021.02.02"]
[Round "4"]
[White "sorrm8thatscheckm8"]
[Black "Coiote53"]
[Result "1/2-1/2"]
[WhiteElo "2558"]
[BlackElo "2351"]
[TimeControl "180+1"]
[EndTime "10:45:26 PST"]
[Termination "Game drawn by repetition"]

1. d4 Nf6 2. c4 g6 3. Nc3 d5 4. cxd5 Nxd5 5. e4 Nxc3 6. bxc3 Bg7 7. Bc4 c5 8. Ne2 Nc6 9. Be3 O-O 10. O-O Bg4 11.
f3 Bd7 12. Qd2 Rc8 13. Rfd1 Qa5 14. Rac1 Rfd8 15. h4 e6 16. h5 cxd4 17. cxd4 Qxd2 18. Rxd2 Na5 19. Bd3 gxh5 20. Rb1 b6 21. Ba6 Rc6 22. d5 Rd6 23. Bf4 e5 24. Bg5 f6 25. Be3 Bc8 26.
Bd3 f5 27. Rc1 fxe4 28. Bxe4 Bd7 29. Rdc2 Nb7 30. Rc7 Nc5 31. Bxc5 bxc5 32. R1xc5 Bh6 33. Kf2 Ra6 34. Rc2 Ra3 35. Nc3 h4 36. d6 Bf8 37.
Nd5 Kf7 38. Bf5 Bxd6 39. Rxd7+ Rxd7 40. Bxd7 Ra5 41. Ne3 Kf6 42. Bc6 Bc5 43. Ke2 Bd4 44. Be4 Ra3 45. Nd1 Kg5 46. Nf2 Kf4 47. Nd3+ Kg3 48. Bd5 Kxg2 49. f4+ e4 50. Bxe4+ Kg3 51. Bxh7 h3 52. Be4 h2 53. f5 Ra5 54. Ke1 Rxf5 55. Rxh2 Rb5 56. Rg2+ Kh4 57. Rg8 Rb1+ 58. Ke2 Ra1 59.
Kf3 Rxa2 60. Rd8 Bc3 61. Rd7 Kg5 62. Nf4 Ra3 63. Nd5 Ba5+ 64. Ke2 Bb6 65. Rg7+ Kh6 66. Rb7 Bc5 67. Rc7 Bb6 68. Rc6+ Kg5 69. Nxb6 axb6 70. Rxb6 Kf4 71. Bd3 Ke5 72. Rb4 Kd5 73. Ke3 Kc5 74. Rg4 Kd6 75. Rg5 Ra1 76. Kd4 Ke6 77. Bc4+ Kd6 78. Rg6+ Ke7 79. Kc5 Re1 80. Rb6 Rg1 81.
Bd5 Rc1+ 82. Kd4 Rd1+ 83. Ke5 Re1+ 84. Be4 Re2 85. Rb7+ Ke8 86. Kf5 Kd8 87. Bd5 Rd2 88.
Ke6 Kc8 89. Rh7 Kb8 90. Kd6 Rc2 91. Rg7 Rc1 92. Rf7 Rc2 93. Bc6 Rc3 94. Re7 Rd3+ 95. Kc5 Rc3+ 96. Kb6 Rb3+ 97. Bb5 Rc3 98.
Re8+ Rc8 99. Re7 Rc1 100. Rb7+ Kc8 101. Re7 Kd8 102. Rd7+ Kc8 103. Rg7 Rd1 104. Ba6+ Kd8 105. Bb5 Rc1 106. Rd7+ Kc8 107. Ra7 Kb8 108. Rb7+ Kc8 109. Ra7 Kb8 110. Ra5 Kc8 111. Ra7 1/2-1/2

[Event "*** Titled Tuesday Blitz"]
[Site "Chess.com"]
[Date "2021.02.02"]
[Round "5"]
[White "exoticprincess"]
[Black "HanSchut"]
[Result "1-0"]
[WhiteElo "2854"]
[BlackElo "2279"]
[TimeControl "180+1"]
[EndTime "10:52:48 PST"]
[Termination "exoticprincess won by resignation"]

1. e4 c5 2. d4 cxd4 3. c3 g6 4. cxd4 d5 5. exd5 Nf6 6. Nc3 Nxd5 7. h3 Bg7 8. Nf3 O-O 9. Bc4 Nb6 10. Bb3 Nc6 11. Be3 Na5 12. O-O Nxb3 13. axb3 Be6 14. Re1 h6 15. Ne4 Qd5 16. Nc5 Qxb3 1-0

[Event "*** Titled Tuesday Blitz"]
[Site "Chess.com"]
[Date "2021.02.02"]
[Round "5"]
[White "TigrVShlyape"]
[Black "kakakz"]
[Result "1-0"]
[WhiteElo "2837"]
[BlackElo "2464"]
[TimeControl "180+1"]
[EndTime "10:53:27 PST"]
[Termination "TigrVShlyape won by resignation"]

1. e4 e6 2. d3 d5 3. Nd2 Nc6 4.
Ngf3 Nf6 5. g3 e5 6. Bg2 Be7 7. O-O O-O 8. exd5 Nxd5 9. Re1 f6 10. c3 Bg4 11. Qb3 Na5 12. Qa4 Nc6 13. Qxg4 1-0

[Event "*** Titled Tuesday Blitz"]
[Site "Chess.com"]
[Date "2021.02.02"]
[Round "5"]
[White "Jadeit90"]
[Black "AliKa2810"]
[Result "1/2-1/2"]
[WhiteElo "2415"]
[BlackElo "2579"]
[TimeControl "180+1"]
[EndTime "10:54:30 PST"]
[Termination "Game drawn by agreement"]

1. g3 d5 2. Bg2 e5 3. c4 d4 4. d3 c5 5. Nf3 Nc6 6. O-O Bd6 7. e3 Nf6 8. exd4 cxd4 9. Na3 O-O 10. Nc2 a5 11.
Rb1 h6 12. a3 a4 13. b4 axb3 14. Rxb3 Nd7 15. Re1 Nc5 16. Rb5 Bf5 17. Bf1 Qf6 18. Nb4 Na4 19. Nd5 Qg6 20. Rxb7 Nc3 21. Nxc3 dxc3 22. Nh4 1/2-1/2

[Event "*** Titled Tuesday Blitz"]
[Site "Chess.com"]
[Date "2021.02.02"]
[Round "5"]
[White "VinzentSpitzl"]
[Black "picturesquecheck"]
[Result "0-1"]
[WhiteElo "2384"]
[BlackElo "2222"]
[TimeControl "180+1"]
[EndTime "10:54:31 PST"]
[Termination "picturesquecheck won by resignation"]

1. e4 c5 2. Nf3 Nc6 3. d4 cxd4 4. Nxd4 Nf6 5. Nc3 d6 6. Bg5 e6 7. Qd2 a6 8. O-O-O h6 9. Bh4 Nxe4 10. Bxd8 Nxd2 11. Rxd2 Kxd8 12. g3 Kc7 13. Bg2 Bd7 14. Rhd1 Nxd4 15. Rxd4 Bc6 16. Bxc6 bxc6 17. f4 Be7 18.
Ne4 Rhd8 19. g4 d5 20. Ng3 Bf6 21. R4d3 Rab8 22. Nh5 Bxb2+ 0-1

[Event "*** Titled Tuesday Blitz"]
[Site "Chess.com"]
[Date "2021.02.02"]
[Round "5"]
[White "fridaywins"]
[Black "Pliukha_Mikhail"]
[Result "0-1"]
[WhiteElo "2157"]
[BlackElo "2474"]
[TimeControl "180+1"]
[EndTime "10:54:35 PST"]
[Termination "Pliukha_Mikhail won by resignation"]

1. e4 c6 2. Nc3 d5 3. Nf3 dxe4 4. Nxe4 Nf6 5. Ng3 h5 6. h3 h4 7. Ne2 Bf5 8. d4 e6 9. Nf4 Bd6 10. Nd3 Nbd7 11. Bg5 Qb6 12. Bxh4 Be4 13. Bxf6 Nxf6 14. Nde5 Qxb2 15. Rb1 Bb4+ 16. Nd2 Bxd2+ 17. Kxd2 Qxd4+ 18. Nd3 Bxd3 19. Bxd3 Ne4+ 0-1

[Event "*** Titled Tuesday Blitz"]
[Site "Chess.com"]
[Date "2021.02.02"]
[Round "5"]
[White "JoachimMouhamad"]
[Black "WonderChampion"]
[Result "1-0"]
[WhiteElo "2310"]
[BlackElo "2071"]
[TimeControl "180+1"]
[EndTime "10:54:41 PST"]
[Termination "JoachimMouhamad won by resignation"]

1. e4 c5 2. Nf3 g6 3. d4 cxd4 4. Nxd4 Nc6 5. c4 Nf6 6. Nc3 Nxd4 7. Qxd4 d6 8. Be2 Bg7 9. Be3 O-O 10. Qd2 Be6 11. O-O a5 12. Rac1 a4 13. f3 Qa5 14. Rfd1 Rfc8 15. Nd5 Rc6 16. Qxa5 Rxa5 17. Nxe7+ Kf8 18. Nxc6 bxc6 19. Rxd6 Ra6 20. Rcd1 Ke7 21. c5 Nd7 22. Bxa6 1-0

[Event "*** Titled Tuesday Blitz"]
[Site "Chess.com"]
[Date "2021.02.02"]
[Round "5"]
[White "IMRosen"]
[Black "mr65"]
[Result "1-0"]
[WhiteElo "2553"]
[BlackElo "2136"]
[TimeControl "180+1"]
[EndTime "10:54:43 PST"]
[Termination "IMRosen won by resignation"]

1. d4 Nf6 2. Bf4 g6 3. Nc3 d5 4. e3 Bg7 5. h4 h5 6. Nf3 c5 7. Nb5 Na6 8. c3 Bd7 9. a4 O-O 10.
Be2 Ne4 11. Ne5 f6 12. Nxg6 e5 13. Nxf8 Qxf8 14. dxe5 fxe5 15. Qxd5+ Kh8 16. Qxe4 exf4 17. Bd3 1-0

[Event "*** Titled Tuesday Blitz"]
[Site "Chess.com"]
[Date "2021.02.02"]
[Round "5"]
[White "WPWPWP-2015"]
[Black "joejan"]
[Result "1-0"]
[WhiteElo "2477"]
[BlackElo "2238"]
[TimeControl "180+1"]
[EndTime "10:54:47 PST"]
[Termination "WPWPWP-2015 won by resignation"]

1. d4 Nf6 2. c4 e6 3. Nc3 Bb4 4. f3 d5 5. cxd5 exd5 6. a3 Bxc3+ 7. bxc3 Bf5 8. Bg5 Nbd7 9. e3 h6 10. Bh4 O-O 11. Qd2 c5 12. Bb5 Qa5 13. Bxd7 Nxd7 14. Ne2 cxd4 15. cxd4 Qxd2+ 16. Kxd2 Rac8 17. Rhc1 Nb6 18. Nc3 Rfe8 19. Bf2 f6 20. Ke2 Kf7 21. Nb5 Rxc1 22.
Rxc1 Rc8 23. Nd6+ 1-0

[Event "*** Titled Tuesday Blitz"]
[Site "Chess.com"]
[Date "2021.02.02"]
[Round "5"]
[White "Snegokhod"]
[Black "Gmedmundo"]
[Result "0-1"]
[WhiteElo "2522"]
[BlackElo "2406"]
[TimeControl "180+1"]
[EndTime "10:54:56 PST"]
[Termination "Gmedmundo won by checkmate"]

1. d4 Nf6 2. c4 e6 3. Nf3 c5 4. d5 exd5 5. cxd5 d6 6. Nc3 g6 7. e4 a6 8. a4 Bg4 9. Bd3 Nbd7 10. O-O Bg7 11. Bf4 Qe7 12. Re1 O-O 13. Bf1 Rfe8 14. h3 Bxf3 15. Qxf3 Nh5 16. Bd2 Rac8 17. a5 Bd4 18. Ra4 Ne5 19. Qd1 Qf6 20. Be3 Bxe3 21.
Rxe3 Rb8 22. g3 b5 23. axb6 Rxb6 24. f4 Rxb2 25. fxe5 Qf2+ 26. Kh1 Qh2# 0-1

[Event "*** Titled Tuesday Blitz"]
[Site "Chess.com"]
[Date "2021.02.02"]
[Round "5"]
[White "KruHor"]
[Black "realmadridtv"]
[Result "1-0"]
[WhiteElo "2582"]
[BlackElo "2405"]
[TimeControl "180+1"]
[EndTime "10:54:58 PST"]
[Termination "KruHor won by resignation"]

1. e4 e5 2. d4 exd4 3. Nf3 Nc6 4. c3 d5 5. exd5 Qxd5 6. cxd4 Bg4 7. Be2 Bb4+ 8. Nc3 O-O-O 9. O-O Bxc3 10. bxc3 Nf6 11. h3 Bxf3 12. Bxf3 Qc4 13. Bd2 Nd5 14. Qb3 Na5 15. Qb2 Qa4 16. Rab1 Rd6 17. Bxd5 Rxd5 18. c4 Qxc4 19. Bxa5 Rxa5 20. Qxb7+ Kd7 21. Rbc1 1-0

[Event "*** Titled Tuesday Blitz"]
[Site "Chess.com"]
[Date "2021.02.02"]
[Round "5"]
[White "CoachHakia"]
[Black "pavelalexandru07"]
[Result "0-1"]
[WhiteElo "2147"]
[BlackElo "2336"]
[TimeControl "180+1"]
[EndTime "10:55:13 PST"]
[Termination "pavelalexandru07 won by resignation"]

1. d4 Nf6 2. Bg5 Ne4 3. h4 h6 4. Bf4 c5 5. dxc5 Qa5+ 6. Nd2 Nxd2 7. Qxd2 Qxc5 8. Nf3 Nc6 9. e3 d5 10. a3 Bf5 11.
Bd3 Bxd3 12. cxd3 e6 13. O-O Be7 14. Rfc1 Qb6 15. b4 O-O 16. h5 Rac8 17. Ne5 Nxe5 18.
Bxe5 f6 19. Bd4 Qa6 20. Rxc8 Rxc8 21. Rc1 b6 22. Rxc8+ Qxc8 23. Qc3 Qe8 24. Qc6 Qxc6 0-1

[Event "*** Titled Tuesday Blitz"]
[Site "Chess.com"]
[Date "2021.02.02"]
[Round "5"]
[White "Sjakkerntobi"]
[Black "petrkostenko"]
[Result "0-1"]
[WhiteElo "2317"]
[BlackElo "2467"]
[TimeControl "180+1"]
[EndTime "10:55:19 PST"]
[Termination "petrkostenko won by resignation"]

1. d4 e6 2. c4 b6 3. Nc3 Bb7 4. Nf3 Nf6 5. g3 Bb4 6. Bg2 Bxc3+ 7. bxc3 Nc6 8. O-O Na5 9. Nd2 Bxg2 10. Kxg2 d6 11. e4 O-O 12. Qe2 e5 13. Nb3 Nc6 14.
a4 Re8 15. f3 a5 16. Qf2 Qe7 17. c5 bxc5 18. dxc5 d5 19. Bg5 dxe4 20. Bxf6 Qxf6 21. fxe4 Qxf2+ 22. Rxf2 Red8 23. Raf1 f6 24. Kf3 Rd3+ 25. Ke2 Rxc3 26. Rf3 Rxb3 27. R3f2 Nd4+ 0-1

[Event "*** Titled Tuesday Blitz"]
[Site "Chess.com"]
[Date "2021.02.02"]
[Round "5"]
[White "YIYUKI"]
[Black "Ave_Mariia"]
[Result "0-1"]
[WhiteElo "2251"]
[BlackElo "2480"]
[TimeControl "180+1"]
[EndTime "10:55:32 PST"]
[Termination "Ave_Mariia won by resignation"]

1. d4 Nf6 2. c4 e6 3. Nc3 Bb4 4. e3 O-O 5. Bd3 c5 6. Ne2 b6 7. O-O Bb7 8. a3 Bxc3 9. Nxc3 d5 10. dxc5 bxc5 11. cxd5 exd5 12. b4 Nbd7 13. Bb2 cxb4 14. axb4 Ne5 15. Nb5 Nxd3 16. Qxd3 a6 17. Nd4 Qb6 18.
Nf5 Rfe8 19. Bd4 Qe6 20. Rac1 Bc6 21. Rfd1 Bb5 22. Qc3 Qxf5 0-1

[Event "*** Titled Tuesday Blitz"]
[Site "Chess.com"]
[Date "2021.02.02"]
[Round "5"]
[White "VALPARAISO37"]
[Black "ENajer77"]
[Result "1-0"]
[WhiteElo "2459"]
[BlackElo "2618"]
[TimeControl "180+1"]
[EndTime "10:55:33 PST"]
[Termination "VALPARAISO37 won by resignation"]

1. d4 Nf6 2. c4 e6 3. Nc3 Bb4 4. a3 Bxc3+ 5. bxc3 b6 6. e3 Ba6 7. Bd3 Nc6 8. e4 O-O 9. Nf3 Na5 10. e5 Ne8 11.
Bxh7+ Kxh7 12. Ng5+ Kg6 13. h4 Qe7 14. h5+ Kh6 15. Qc2 f5 16. exf6 1-0

[Event "*** Titled Tuesday Blitz"]
[Site "Chess.com"]
[Date "2021.02.02"]
[Round "5"]
[White "sergeikim"]
[Black "Loy_Konstantin"]
[Result "1/2-1/2"]
[WhiteElo "2514"]
[BlackElo "2375"]
[TimeControl "180+1"]
[EndTime "10:55:33 PST"]
[Termination "Game drawn by repetition"]

1. d4 Nf6 2. c4 c5 3. d5 b5 4.
cxb5 a6 5. b6 Qxb6 6. Nc3 d6 7. e4 g6 8. Nf3 Bg7 9. Be2 Bg4 10. Nd2 Bxe2 11. Qxe2 O-O 12. O-O Nbd7 13. a4 Ne8 14. Ra3 Nc7 15. Rb3 Qa7 16. Nc4 Rab8 17.
Ra3 a5 18. Nd1 Qa6 19. Rh3 Ne5 20. b3 Nxc4 21. bxc4 Rb4 22. Ne3 Na8 23. Qg4 h5 24. Qg5 Bf6 25. Qg3 Bg7 26. Qg5 Bf6 27. Qg3 Bg7 28. Qg5 1/2-1/2

[Event "*** Titled Tuesday Blitz"]
[Site "Chess.com"]
[Date "2021.02.02"]
[Round "5"]
[White "GMMarcinDziuba"]
[Black "CraiggoryC"]
[Result "1-0"]
[WhiteElo "2611"]
[BlackElo "2131"]
[TimeControl "180+1"]
[EndTime "10:55:42 PST"]
[Termination "GMMarcinDziuba won by resignation"]

1. d4 Nf6 2. Bg5 d5 3. Bxf6 exf6 4. e3 Bd6 5. c4 dxc4 6. Bxc4 O-O 7. Nc3 c6 8. Nf3 Nd7 9. O-O f5 10. a3 a5 11. Qc2 Nf6 12. Ne5 Qe7 13. f4 Be6 14. Bd3 g6 15. Rae1 c5 16. Nb5 cxd4 17. exd4 Rfc8 18.
Qd2 Nd5 19. Nc4 Bxf4 20. Rxf4 Nxf4 21. Qxf4 Qd7 22. Nb6 1-0

[Event "*** Titled Tuesday Blitz"]
[Site "Chess.com"]
[Date "2021.02.02"]
[Round "5"]
[White "The_filthy"]
[Black "ljuks68"]
[Result "0-1"]
[WhiteElo "2222"]
[BlackElo "2377"]
[TimeControl "180+1"]
[EndTime "10:55:43 PST"]
[Termination "ljuks68 won by resignation"]

1. e4 e6 2. d4 d5 3. Nc3 Bb4 4. e5 Ne7 5. Nf3 c5 6. a3 Bxc3+ 7. bxc3 Bd7 8. dxc5 Nbc6 9. Bd3 Ng6 10. Qe2 Qc7 11.
Bxg6 fxg6 12. Bf4 O-O 13. Bg3 Qa5 14. O-O Qxc3 15. h4 Qxc5 16. h5 gxh5 17. Ng5 h6 18. Nh3 Be8 19. Nf4 h4 20. Bh2 Qe7 21. Rab1 b6 22.
Rfe1 g5 23. Nh5 Bxh5 24. Qxh5 Kg7 25. f4 Qf7 26. Qg4 Qf5 27. Qe2 g4 0-1

[Event "*** Titled Tuesday Blitz"]
[Site "Chess.com"]
[Date "2021.02.02"]
[Round "5"]
[White "BigAl"]
[Black "Ariadna_Atreides"]
[Result "1-0"]
[WhiteElo "2476"]
[BlackElo "2177"]
[TimeControl "180+1"]
[EndTime "10:56:00 PST"]
[Termination "BigAl won by resignation"]

1. e4 c5 2. Nc3 Nc6 3. g3 g6 4. Bg2 Bg7 5. d3 e6 6. Be3 Nge7 7. Qd2 d5 8. Bxc5 d4 9. Nce2 e5 10. Nf3 b6 11. Ba3 Be6 12. c3 Qd7 13. cxd4 Nxd4 14. Nexd4 exd4 15. O-O O-O 16. Rac1 Rac8 17. h3 Bxh3 18.
Bxh3 Qxh3 19. Bxe7 Bh6 20. Bg5 Bxg5 21. Qxg5 Qd7 22.
Kg2 Kg7 23. Rh1 Rxc1 24. Qh6+ Kf6 25. Rxc1 1-0

[Event "*** Titled Tuesday Blitz"]
[Site "Chess.com"]
[Date "2021.02.02"]
[Round "5"]
[White "BrandonJacobson"]
[Black "nocnypako"]
[Result "1-0"]
[WhiteElo "2845"]
[BlackElo "2578"]
[TimeControl "180+1"]
[EndTime "10:56:05 PST"]
[Termination "BrandonJacobson won by resignation"]

1. d4 Nf6 2. c4 g6 3. Nc3 d5 4. cxd5 Nxd5 5. e4 Nxc3 6. bxc3 Bg7 7. Nf3 c5 8. Rb1 O-O 9. Be2 Qc7 10. O-O b6 11. h4 Bb7 12. d5 Bxc3 13. h5 Nd7 14. Qb3 Bg7 15. hxg6 hxg6 16. Ng5 Ne5 17. Qh3 Rfd8 18.
Bb2 c4 19. f4 c3 20. fxe5 1-0

[Event "*** Titled Tuesday Blitz"]
[Site "Chess.com"]
[Date "2021.02.02"]
[Round "5"]
[White "Szparu"]
[Black "Hikaru"]
[Result "0-1"]
[WhiteElo "2652"]
[BlackElo "3172"]
[TimeControl "180+1"]
[EndTime "10:56:06 PST"]
[Termination "Hikaru won by resignation"]

1. d4 e6 2. e4 b6 3. Bd3 Bb7 4. Nf3 d5 5. e5 c5 6. c3 Qc8 7. O-O Ba6 8. Re1 Bxd3 9. Qxd3 Ne7 10. Nbd2 Qa6 11. Qe3 Nbc6 12. a3 cxd4 13. cxd4 Rc8 14.
Rb1 Nf5 15. Qf4 Qd3 16. b4 Ncxd4 17. Nxd4 Nxd4 18. Qe3 Qxe3 19. Rxe3 Be7 20. f4 g5 21.
Nf3 gxf4 22. Re1 Nxf3+ 23. gxf3 Rg8+ 24. Kf1 Rc4 25. Rb2 Kd7 26. Rg2 Rxg2 27. Kxg2 Kc6 28. Kh3 h5 29. Rd1 Kb5 0-1